AoeStats
← Kaniel Outiss

Nomad

512974653Analyzed
3v3 RM · 6d ago on Oct 11, 2026· 58m 44s· 6 players
Game mode
Random Map
Map size
210×210
Population
200
Speed
Normal
Resources
Standard
Victory
Conquest
Starting age
Dark Age
Ending age
Imperial Age
RankedLock teamsTeams togetherTeam positionsShared explorationLock speedFull tech treeHidden civsTurbo modeCheats
Victory
Defeat
🇱🇻 Mongols · Latvia
974
+13
🇪🇸 Koreans · Spain
963
+13
🇳🇱 Sicilians · Netherlands
862
+45
vs
🇸🇮 Hindustanis · Slovenia
940
-16
🇸🇮 Cumans · Slovenia
901
-15
🇸🇮 Gurjaras · Slovenia
868
-13
Macolar
16:46 Feudal Age
22:26 Castle Age
21:45 Scale Mail Armor
22:51 Pikeman
39:43 Scale Barding Armor
39:54 Chain Mail Armor
39:55 Grand Trunk Road
39:51 Fishing Lines
44:43 Forging
44:39 Scale Barding Armor
49:22 Horse Collar
52:35 Murder Holes
Merjasec
9:45 Loom
16:05 Feudal Age
16:37 Double-Bit Axe
19:25 Fletching
20:45 Gold Mining
21:38 Scale Mail Armor
22:43 Forging
22:57 Fishing Lines
24:11 Horse Collar
28:13 Stone Mining
31:03 Castle Age
32:42 Wheelbarrow
33:23 Town Watch
33:40 Heavy Plow
33:48 Padded Archer Armor
38:03 Hand Cart
45:57 Imperial Age
47:07 Cuman Mercenaries
47:19 Cuman Mercenaries
49:44 Ballistics
49:20 Murder Holes
50:26 Chemistry
50:05 Bodkin Arrow
51:19 Leather Archer Armor
51:24 Bow Saw
51:57 Conscription
51:30 Elite Kipchak
52:00 Pikeman
52:40 Squires
52:54 Bloodlines
53:58 Ring Archer Armor
53:34 Scale Barding Armor
53:47 Chain Mail Armor
55:31 Gold Shaft Mining
55:31 Gillnets
56:04 Steppe Husbandry
Larri with a Y
10:33 Loom
14:30 Feudal Age
14:58 Double-Bit Axe
15:08 Town Watch
21:04 Castle Age
20:08 Gold Mining
20:09 Stone Mining
21:33 Wheelbarrow
20:42 Horse Collar
23:06 Scale Barding Armor
24:27 Bow Saw
33:12 Hand Cart
33:22 Murder Holes
47:54 Imperial Age
46:42 Forging
46:33 Scale Mail Armor
50:42 Arson
50:57 Man-at-Arms
51:43 Long Swordsman
Beadmoon
15:58 Feudal Age
17:28 Wheelbarrow
24:25 Horse Collar
28:23 Padded Archer Armor
28:16 Fletching
35:14 Castle Age
35:02 Scale Mail Armor
35:14 Fishing Lines
35:30 Double-Bit Axe
37:49 Elite Skirmisher
37:51 Pikeman
38:31 Squires
40:02 Stone Mining
40:03 Gold Mining
40:50 Caravan
42:23 Stone Shaft Mining
42:23 Gold Shaft Mining
42:55 Scale Barding Armor
44:11 Murder Holes
44:07 Heated Shot
44:37 Ballistics
44:28 Masonry
44:22 Gillnets
47:07 Crossbowman
52:18 Chain Barding Armor
56:27 Imperial Age
54:13 Hand Cart
54:45 Gambesons
54:46 Arson
57:09 Leather Archer Armor
56:49 Bodkin Arrow
57:05 Forging
57:10 Chain Mail Armor
56:40 Arbalester
56:58 Cavalier
57:39 Husbandry
58:20 Halberdier
58:21 Man-at-Arms
58:58 Arrowslits
59:19 Siege Engineers
59:44 Conscription
redchochorus
4:06 Loom
4:30 Loom
14:11 Feudal Age
15:00 Double-Bit Axe
15:41 Gold Mining
20:36 Castle Age
19:45 Stone Mining
21:37 Bow Saw
22:17 Stone Shaft Mining
25:03 Wheelbarrow
27:29 Hand Cart
32:13 Imperial Age
29:45 Murder Holes
31:02 Fletching
33:46 Bodkin Arrow
35:01 Conscription
35:17 Elite War Wagon
38:36 Bracer
38:53 Masonry
41:59 Ballistics
42:42 Chemistry
43:10 Town Watch
58:41 Treadmill Crane
59:35 Architecture
Kaniel Outiss
4:43 Loom
13:41 Feudal Age
14:15 Double-Bit Axe
19:05 Castle Age
18:28 Scale Barding Armor
22:07 Forging
22:22 Scale Mail Armor
24:28 Horse Collar
26:14 Wheelbarrow
26:18 Bloodlines
26:09 Husbandry
27:42 Hand Cart
27:45 Gold Mining
33:48 Imperial Age
34:21 Iron Casting
34:02 Chain Mail Armor
34:04 Cavalier
39:24 Conscription
41:47 Gold Shaft Mining
46:46 Ballistics
47:29 Town Watch
47:36 Fletching
47:47 Padded Archer Armor
48:21 Bodkin Arrow
48:40 Heavy Plow
48:53 Bow Saw
49:02 Elite Mangudai
54:01 Bracer
54:16 Leather Archer Armor
55:00 Stone Mining
Connection lost

Rejoining the realm…

Still unreachable

The connection could not be restored.

Session expired

The server has moved on; the page needs a fresh start.